 Dungeon Crawl Stone Soup version 0.25.1-2-g60ff931df9 (webtiles) character file.

Game seed: 6853975976480475163

386 RUZZLEFAZAZZLE the Shield-Bearer (level 6, -20/53 HPs)
             Began as a Gnoll Fighter on Aug 20, 2020.
             Demolished by an ogre
             ... wielding a +0 giant club
              (22 damage)
             ... on level 4 of the Dungeon.
             The game lasted 00:10:31 (3289 turns).

RUZZLEFAZAZZLE the Shield-Bearer (Gnoll Fighter)    Turns: 3289, Time: 00:10:32

Health: -20/53     AC: 15    Str: 19 (20) XL:     6   Next: 78%
Magic:  9/9        EV:  5    Int:  9 (10) God:
Gold:   98         SH: 10    Dex: 13 (15) Spells: 9/9 levels left

rFire    . . .     SeeInvis .   a - +0 flail
rCold    . . .     Gourm    .   c - +0 kite shield
rNeg     . . .     Faith    .   j - +0 plate armour
rPois    .         Spirit   .   (no helmet)
rElec    .         Reflect  .   l - +0 cloak
rCorr    .         Harm     .   (no gloves)
MR       .....                  r - +0 pair of boots
Stlth    ..........             (no amulet)
HPRegen  0.17/turn              o - ring of wizardry
MPRegen  0.11/turn              (no ring)

@: no status effects
A: distributed training, fangs 1, strong nose
a: no special abilities


You were on level 4 of the Dungeon.
You were not hungry.

You visited 1 branch of the dungeon, and saw 4 of its levels.
You also visited: Sewer.

You collected 98 gold pieces.

Inventory:

Hand Weapons
 a - a +0 flail (weapon)
 h - a +2 antimagic dagger
 k - a +3 quarterstaff of chaos
 m - a cursed -3 short sword
 n - a +1 vampiric dagger
 q - a +0 morningstar
 t - a +2 short sword of speed
Armour
 b - a +0 scale mail
 c - a +0 kite shield (worn)
 j - a +0 plate armour (worn)
 l - a +0 cloak (worn)
 r - a +0 pair of boots (worn)
Jewellery
 o - a ring of wizardry (left hand)
 w - an uncursed ring of ice {unknown}
Scrolls
 g - 2 scrolls of teleportation
 i - 5 scrolls of remove curse
 s - a scroll of blinking
 x - a scroll of identify {unknown}
Potions
 d - a potion of might
 e - 3 potions of cancellation
 u - 2 potions of flight
Comestibles
 f - 5 rations
 v - 5 chunks of flesh


   Skills:
 + Level 6.9 Fighting
 + Level 2.1 Short Blades
 + Level 2.1 Long Blades
 + Level 2.1 Axes
 + Level 5.0 Maces & Flails
 + Level 2.1 Polearms
 + Level 2.1 Staves
 + Level 2.1 Slings
 + Level 2.1 Bows
 + Level 2.1 Crossbows
 + Level 2.1 Throwing
 + Level 6.9 Armour
 + Level 2.1 Dodging
 + Level 2.1 Stealth
 + Level 6.9 Shields
 + Level 2.1 Unarmed Combat
 + Level 2.1 Spellcasting
 + Level 1.6 Conjurations
 + Level 1.6 Hexes
 + Level 1.6 Charms
 + Level 1.6 Summonings
 + Level 1.6 Necromancy
 + Level 1.6 Translocations
 + Level 1.6 Transmutations
 + Level 1.6 Fire Magic
 + Level 1.6 Ice Magic
 + Level 1.6 Air Magic
 + Level 1.6 Earth Magic
 + Level 1.6 Poison Magic
 + Level 2.3 Invocations
 + Level 2.1 Evocations


You had 9 spell levels left.
You didn't know any spells.
Your spell library was empty.

Dungeon Overview and Level Annotations

Branches:
Dungeon (4/15)              Sewer (visited)
 Temple: D:4-7

Altars:
Trog


Innate Abilities, Weirdness & Mutations

Your experience applies equally to all skills.
You have very sharp teeth.
Your uncanny sense of smell can sniff out nearby items.


Message History

You barely miss the ogre. The ogre hits you with a +0 giant club.
You sock the ogre!
The ogre is moderately wounded.
You block the ogre's attack.
You hit the ogre.
The ogre is heavily wounded.
The ogre hits you with a +0 giant club!
Your plate armour prevents you from hitting the ogre.
The ogre is heavily wounded.
The ogre hits you with a +0 giant club!
You are too injured to fight recklessly!
You hit the ogre but do no damage.
The ogre is heavily wounded.
The ogre hits you with a +0 giant club!!
* * * LOW HITPOINT WARNING * * *
It was a potion of degeneration.
There was something very wrong with that liquid.
You feel weakened.
You feel dopey.
You feel clumsy.
The ogre hits you with a +0 giant club!!
You die...

#.# #........)...#
#.#.# #.#
#..###.###.### #.... ∆
#.# #..##...##.# #.#..
#.# #..#.....#.# #.###
#.# #........#.# #.#
#.# #..#.....#.#
#.###..##...##.#
#......#######.###.#.#
#####.......@O.......#
#..#.....#.###.###
#..........#
#.##.#.##### #.##..##
#.##.## #.##.# ##### #
# #.##.####...# .#.
#.##........# #.#


You could see an ogre.

Vanquished Creatures
  An ogre (D:3)
  A big kobold (Sewer)
  Crazy Yiuf (D:2)
  Jessica (D:2)
  A worker ant (D:4)
  5 adders
  2 river rats
  4 worms
  2 dart slugs (D:2)
  2 leopard geckos (D:3)
  8 giant cockroaches
  11 goblins
  8 hobgoblins
  9 jackals
  2 bats (D:1)
  6 frilled lizards
  13 kobolds
  6 rats
83 creatures vanquished.

Notes
Turn   | Place    | Note
-------+----------+-------------------------------------------
     0 | D:1      | RUZZLEFAZAZZLE the Gnoll Fighter began the quest for the
                  | Orb.
     0 | D:1      | Reached XP level 1. HP: 23/23 MP: 1/1
   127 | D:1      | Reached XP level 2. HP: 29/29 MP: 2/2
   711 | D:2      | Reached XP level 3. HP: 34/35 MP: 3/3
   811 | D:2      | Reached skill level 1 in Invocations
   836 | D:2      | Noticed Jessica
   844 | D:2      | Killed Jessica
   844 | D:2      | Reached skill level 1 in Short Blades
   844 | D:2      | Reached skill level 1 in Long Blades
   844 | D:2      | Reached skill level 1 in Axes
   844 | D:2      | Reached skill level 1 in Polearms
   844 | D:2      | Reached skill level 1 in Staves
   844 | D:2      | Reached skill level 1 in Slings
   844 | D:2      | Reached skill level 1 in Bows
   844 | D:2      | Reached skill level 1 in Crossbows
   844 | D:2      | Reached skill level 1 in Throwing
   844 | D:2      | Reached skill level 1 in Dodging
   844 | D:2      | Reached skill level 1 in Stealth
   844 | D:2      | Reached skill level 1 in Unarmed Combat
   844 | D:2      | Reached skill level 1 in Spellcasting
   844 | D:2      | Reached skill level 1 in Evocations
   844 | D:2      | Reached XP level 4. HP: 41/41 MP: 5/5
   924 | D:2      | Reached skill level 1 in Conjurations
   924 | D:2      | Reached skill level 1 in Hexes
   924 | D:2      | Reached skill level 1 in Charms
   924 | D:2      | Reached skill level 1 in Summonings
   924 | D:2      | Reached skill level 1 in Necromancy
   924 | D:2      | Reached skill level 1 in Translocations
   924 | D:2      | Reached skill level 1 in Transmutations
   924 | D:2      | Reached skill level 1 in Fire Magic
   924 | D:2      | Reached skill level 1 in Ice Magic
   924 | D:2      | Reached skill level 1 in Air Magic
   924 | D:2      | Reached skill level 1 in Earth Magic
   924 | D:2      | Reached skill level 1 in Poison Magic
  1104 | D:2      | Found a runed translucent door.
  1105 | D:2      | Noticed Crazy Yiuf
  1116 | D:2      | Killed Crazy Yiuf
  1116 | D:2      | Reached XP level 5. HP: 31/47 MP: 5/7
  1568 | D:2      | Found a bloodstained altar of Trog.
  1859 | D:3      | Noticed an ogre
  1863 | D:3      | Killed an ogre
  1863 | D:3      | Reached XP level 6. HP: 31/53 MP: 8/8
  2240 | D:3      | Found a glowing drain.
  2250 | Sewer    | Entered a sewer
  2339 | Sewer    | Reached skill level 5 in Maces & Flails
  2375 | Sewer    | Found a white marble altar of Elyvilon.
  3285 | D:4      | HP: 2/53 [ogre/+0 giant club (18)]
  3289 | D:4      | Demolished by an ogre

Illustrated notes

Levels and vault maps discovered:
D:1:      giann_horns, layout_loops_ring
D:2:      layout_rooms, lightli_temple_of_fire, minmay_worlds_worst_comb,
          uniq_jessica, uniq_crazy_yiuf_cottage
D:3:      layout_basic, gup_sewer_entry_spiral, first_ration
D:4:      layout_loops_ring, minmay_misc_feat_enclosed

Skill      XL: |  1  2  3  4  5  6 |
---------------+-------------------+-----
Invocations    | 1 2 |  2.3
Short Blades   | 1 2 |  2.1
Long Blades    | 1 2 |  2.1
Axes           | 1 2 |  2.1
Polearms       | 1 2 |  2.1
Staves         | 1 2 |  2.1
Slings         | 1 2 |  2.1
Bows           | 1 2 |  2.1
Crossbows      | 1 2 |  2.1
Throwing       | 1 2 |  2.1
Dodging        | 1 2 |  2.1
Stealth        | 1 2 |  2.1
Unarmed Combat | 1 2 |  2.1
Spellcasting   | 1 2 |  2.1
Evocations     | 1 2 |  2.1
Conjurations   | 1 |  1.6
Hexes          | 1 |  1.6
Charms         | 1 |  1.6
Summonings     | 1 |  1.6
Necromancy     | 1 |  1.6
Translocations | 1 |  1.6
Transmutations | 1 |  1.6
Fire Magic     | 1 |  1.6
Ice Magic      | 1 |  1.6
Air Magic      | 1 |  1.6
Earth Magic    | 1 |  1.6
Poison Magic   | 1 |  1.6
Maces & Flails | 5 |  5.0
Fighting       | |  6.9
Armour         | |  6.9
Shields        | |  6.9

Action                   |  1- 3 |  4- 6 || total
-------------------------+-------+-------++-------
Melee: Flail             |    71 |   236 ||   307
       Bite              |     5 |    15 ||    20
  Use: Potion            |     5 |     5 ||    10
       Scroll            |     3 |     2 ||     5
  Eat: Chunk             |       |     6 ||     6
       Ration            |       |     1 ||     1
Armor: Scale mail        |     5 |       ||     5
       Plate armour      |    26 |   141 ||   167
Dodge: Dodged            |    10 |    49 ||    59
Block: Kite shield       |    44 |   135 ||   179
